AoeStats
← 落花之情

Arena

504078476Analyzed
4v4 RM · 27d ago on Sep 3, 2026· 39m 24s· 8 players
Game mode
Random Map
Map size
Large (8 player)
Population
200
Speed
Normal
Resources
Standard
Victory
Conquest
Starting age
Dark Age
Ending age
Imperial Age
RankedLock teamsTeams togetherTeam positionsShared explorationLock speedFull tech treeHidden civsTurbo modeCheats
Victory
Defeat
🇬🇪 Khmer · Georgia
1637
+13
🇬🇪 Franks · Georgia
1595
+15
🇬🇪 Britons · Georgia
1582
+16
🇨🇳 Chinese · China
1573
+16
🇨🇦 Koreans · Canada
1648
-18
🇨🇱 Mongols · Chile
1646
-18
🇺🇸 Persians · United States
1509
-12
🇺🇸 Koreans · United States
1504
-12
[TMG] Lucipher
10:48 Feudal Age
13:37 Castle Age
11:40 Double-Bit Axe
12:39 Horse Collar
14:34 Bow Saw
17:59 Heavy Plow
24:03 Wheelbarrow
23:50 Loom
28:20 Imperial Age
26:17 Bloodlines
26:08 Husbandry
26:00 Town Watch
26:45 Hand Cart
27:04 Scale Barding Armor
27:15 Gold Mining
28:20 Chain Barding Armor
28:27 Tusk Swords
29:52 Gold Shaft Mining
30:06 Plate Barding Armor
30:46 Forging
31:47 Elite Battle Elephant
33:30 Iron Casting
33:31 Crop Rotation
33:27 Fletching
35:53 Scale Mail Armor
36:53 Blast Furnace
39:03 Fletching
落花之情
10:07 Feudal Age
10:46 Double-Bit Axe
14:27 Loom
16:53 Castle Age
15:43 Horse Collar
16:16 Town Watch
17:19 Gold Mining
18:00 Bow Saw
20:30 Wheelbarrow
26:49 Gold Shaft Mining
30:28 Imperial Age
29:10 Ballistics
29:11 Hand Cart
30:46 Stone Mining
30:30 Heavy Scorpion
31:32 Conscription
32:20 Two-Man Saw
32:51 Rocketry
34:01 Chemistry
34:10 Capped Ram
35:24 Siege Ram
35:46 Pikeman
36:38 Great Wall
36:29 Fletching
37:53 Stone Shaft Mining
37:14 Guard Tower
37:10 Arrowslits
37:48 Bombard Tower
37:40 Fortified Wall
37:27 Murder Holes
37:28 Bodkin Arrow
38:32 Bracer
38:46 Masonry
[TMG] purple
10:31 Feudal Age
14:42 Castle Age
12:40 Horse Collar
15:01 Double-Bit Axe
15:08 Fletching
16:17 Loom
17:23 Bow Saw
25:00 Wheelbarrow
25:42 Bodkin Arrow
30:58 Imperial Age
29:52 Gold Mining
31:39 Bracer
32:23 Padded Archer Armor
36:13 Hand Cart
[TMG] zv
11:06 Feudal Age
12:26 Double-Bit Axe
15:01 Castle Age
15:59 Bow Saw
21:25 Stone Mining
27:12 Wheelbarrow
29:28 Imperial Age
27:57 Scale Mail Armor
28:08 Forging
29:04 Chain Mail Armor
29:06 Hand Cart
29:41 Elite Throwing Axeman
30:43 #83
30:58 Plate Mail Armor
32:31 Chemistry
32:56 Conscription
34:32 Iron Casting
36:23 Blast Furnace
35:26 Squires
37:23 Capped Ram
38:59 Scale Barding Armor
39:03 Gambesons
39:03 Arson
39:04 Cavalier
39:45 Husbandry
HRA | TheRevMiracle
10:10 Feudal Age
9:23 Loom
10:39 Double-Bit Axe
15:45 Castle Age
14:29 Horse Collar
15:17 Scale Barding Armor
20:47 Forging
21:35 Bloodlines
21:29 Town Watch
23:11 Wheelbarrow
23:33 Bow Saw
25:04 Husbandry
26:25 Heavy Plow
28:03 Chain Barding Armor
29:20 Hand Cart
30:00 Iron Casting
32:11 Gold Mining
32:11 Stone Mining
36:04 Imperial Age
35:41 Cavalier
36:57 Plate Barding Armor
37:52 Blast Furnace
36:53 Light Cavalry
38:59 Savar
Benitto Burrito
10:48 Feudal Age
11:23 Loom
14:53 Castle Age
13:28 Fletching
13:30 Double-Bit Axe
16:43 Bodkin Arrow
20:22 Eupseong
28:01 Ballistics
28:17 Stone Mining
28:29 Town Watch
31:15 Treadmill Crane
34:59 Imperial Age
36:31 Bracer
Thundernips, The Ultimate Gigolo
10:59 Feudal Age
12:55 Double-Bit Axe
12:56 Horse Collar
15:51 Castle Age
16:46 Wheelbarrow
17:15 Bow Saw
17:22 Heavy Plow
23:09 Hand Cart
22:40 Loom
24:50 Fletching
27:28 Husbandry
28:28 Bodkin Arrow
31:46 Imperial Age
29:25 Gold Mining
29:57 Ballistics
30:29 Treadmill Crane
31:00 Masonry
30:45 Murder Holes
32:42 Bracer
34:01 Chemistry
33:15 Thumb Ring
33:25 Forging
33:13 Elite War Wagon
34:09 Guilds
35:32 Architecture
35:07 Siege Engineers
37:57 Pikeman
39:04 Squires
benja23
10:04 Feudal Age
13:44 Castle Age
11:50 Double-Bit Axe
11:58 Horse Collar
14:51 Bow Saw
21:29 Wheelbarrow
22:33 Hand Cart
23:14 Gold Mining
23:14 Stone Mining
26:32 Stone Shaft Mining
28:52 Imperial Age
27:00 Gold Shaft Mining
26:28 Heavy Plow
29:46 Ballistics
29:17 Fletching
29:18 Elite Mangudai
30:07 Bodkin Arrow
31:14 Chemistry
30:20 Siege Engineers
30:58 Onager
31:55 Bracer
33:02 Padded Archer Armor
33:48 Drill
33:49 Conscription
34:41 Thumb Ring
35:01 Parthian Tactics
35:40 Leather Archer Armor
35:38 Bloodlines
Connection lost

Rejoining the realm…

Still unreachable

The connection could not be restored.

Session expired

The server has moved on; the page needs a fresh start.